 Dungeon Crawl Stone Soup version 0.29-a0-118-g06d03a830b (webtiles) character file.

Game seed: 10259214122208367795

19 27snakeeyes612 the Skirmisher (level 2, 0/28 HPs)
             Began as a Naga Fighter on Feb 19, 2022.
             Slain by an adder (2 damage)
             ... on level 2 of the Dungeon.
             The game lasted 00:00:51 (1117 turns).

27snakeeyes612 the Skirmisher (Naga Fighter)        Turns: 1117, Time: 00:00:52

Health: 0/28       AC:  5    Str: 18    XL:     2   Next: 75%
Magic:  2/2        EV:  7    Int:  8    God:
Gold:   68         SH:  0    Dex: 10    Spells: 1/1 levels left

rFire   . . .      SeeInvis +   a - +0 war axe
rCold   . . .      Faith    .   (no shield)
rNeg    . . .      Spirit   .   b - +0 scale mail
rPois   +          Reflect  .   (no helmet)
rElec   .          Harm     .   k - +0 cloak
rCorr   .          Rampage  .   (no gloves)
Will    .....                   (no barding)
Stlth   ..........              (no amulet)
HPRegen 0.09/turn               (no ring)
MPRegen 0.08/turn               (no ring)

@: mighty, very slow
A: AC +0, large, see invisible, deformed body, poison resistance, slowness 2,
spit poison 1, naga tail 1
a: Spit Poison


You were on level 2 of the Dungeon.
You visited 1 branch of the dungeon, and saw 2 of its levels.

You collected 68 gold pieces.

Inventory:

Hand Weapons
 a - a +0 war axe (weapon)
Armour
 b - a +0 scale mail (worn)
 c - a +0 buckler
 k - a +0 cloak (worn)
Jewellery
 f - a ring of fire
Scrolls
 g - 2 scrolls of noise {unknown}
 h - a scroll of vulnerability {unknown}
 i - a scroll of holy word {unknown}
 l - 2 scrolls of identify {unknown}
 n - 2 scrolls of teleportation {unknown}
Potions
 e - a potion of curing {unknown}
 j - a potion of brilliance {unknown}
 m - a potion of lignification {unknown}


   Skills:
 + Level 3.2 Fighting
 + Level 2.3 Axes
 + Level 2.6 Armour
 + Level 2.6 Shields


You had one spell level left.
You didn't know any spells.
Your spell library was empty.

Dungeon Overview and Level Annotations

Branches:
Dungeon (2/15)

Altars:


Innate Abilities, Weirdness & Mutations

Your serpentine skin is tough. (AC +0)
You have supernaturally acute eyesight. (SInv)
Armour fits poorly on your strangely shaped body.
Your system is resistant to poisons. (rPois)
You cover ground very slowly.
You can spit poison.
You have a snake-like lower body.


Message History

You hit the adder but do no damage. The adder bites you.
The adder barely misses you.
You closely miss the adder. The adder barely misses you.
You closely miss the adder. The adder bites you but does no damage.
The adder bites you.
You closely miss the adder. The adder bites you.
The adder bites you but does no damage.
You closely miss the adder. The adder bites you but does no damage.
The adder barely misses you.
You miss the adder. The adder barely misses you.
You miss the adder.
The adder bites you but does no damage. x2
You barely miss the adder. The adder bites you.
You are poisoned.
The adder poisons you! The adder bites you.
You barely miss the adder.
You feel sick. The adder bites you. The adder bites you but does no damage.
An adder is nearby!
You miss the adder.
You feel sick. The adder bites you. The adder bites you but does no damage.
Aiming: Spit Poison (2% risk of failure)
Press: ? - help, Shift-Dir - straight line, f - adder
Aim: an adder (37% to hit)
The splash of poison misses the adder.
You feel sick. The adder bites you but does no damage.
You hit the adder but do no damage.
You feel sick.
You are no longer poisoned.
The adder bites you but does no damage. The adder bites you.
* * * LOW HITPOINT WARNING * * *
You miss the adder.
You have got your breath back.
The adder closely misses you.
You barely miss the adder. The adder barely misses you. The adder bites you.
* * * LOW HITPOINT WARNING * * *
You feel very mighty all of a sudden. The adder bites you.
* * * LOW HITPOINT WARNING * * *
The adder completely misses you.
You completely miss the adder. The adder bites you but does no damage.
You closely miss the adder. The adder barely misses you. The adder bites you.
You die...

#...# #...# #...#
##### #...# ####
##...###...# #...##
##.....##...##.....#
#.......#†..#.......
#.....†.'...@S...)..
#.......#...#.......
##.....##...##.....#
##...###..)# #...##
##### #...# #####
##...###...###...##
##.....##...##.....##
#.......#...#.......#
#.......'...'.......#


You could see an adder.

Vanquished Creatures
  4 ball pythons
  5 bats
  An endoplasm (D:1)
  A giant cockroach (D:1)
  3 hobgoblins
  2 frilled lizards
  2 kobolds (D:1)
  A rat (D:2)
19 creatures vanquished.

Notes
Turn   | Place    | Note
-------+----------+-------------------------------------------
     0 | D:1      | 27snakeeyes612 the Naga Fighter began the quest for the
                  | Orb.
     0 | D:1      | Reached XP level 1. HP: 21/21 MP: 1/1
   296 | D:1      | Reached XP level 2. HP: 28/28 MP: 2/2
   895 | D:1      | Found a faded altar of an unknown god.
  1117 | D:2      | Slain by an adder

Illustrated notes

Levels and vault maps discovered:
D:1:      scummos_arrival_checkerplants, layout_loops_corners,
          dreamdust_ecumenical_altar_sealed_demon, kennysheep_minor_cross,
          nicolae_concentric_dashed_squares_wild, minmay_misc_feat_five
D:2:      kennysheep_six_static_rooms, layout_basic, serial_shops,
          nicolae_shop_crystal, uniq_robin

Action                   || total
-------------------------++-------
Melee: War axe           ||    75
 Abil: Spit Poison       ||     1
  Use: Potion            ||     1
Armor: Scale mail        ||    55
Dodge: Dodged            ||    35
Block: Buckler           ||     8

Table legend: (Time is in decaauts)
 A = Elapsed time spent in this place.
 B = Non-inter-level travel time spent in this place.
 C = Inter-level travel time spent in this place.
 D = Time resting spent in this place.
 E = Time spent auto-exploring this place.
 F = Levels seen in this place.
 G = Mean time per level.
                   A        B        C        D        E       F      G
               +--------+--------+--------+--------+--------+-----+--------+
         Total |   1450 |   1429 |     21 |      0 |   1231 |   2 |  725.0 |
       Dungeon |   1450 |   1429 |     21 |      0 |   1231 |   2 |  725.0 |
               +--------+--------+--------+--------+--------+-----+--------+

Top non-repeatable levels by time:
     D:1: 1231 daAuts
     D:2: 218 daAuts
